 Dungeon Crawl Stone Soup version 0.26-a0-631-ged93497179 (webtiles) character file.

Game seed: 13917001138591907144

97 Drevant2 the Magician (level 4, -3/24 HPs)
             Began as a Deep Elf Hedge Wizard on Sept 13, 2020.
             Killed by divine providence
             ... invoked by an orc priest
              (11 damage)
             ... on level 3 of the Dungeon.
             The game lasted 00:06:37 (2675 turns).

Drevant2 the Magician (Deep Elf Hedge Wizard)       Turns: 2675, Time: 00:06:38

Health: -3/24      AC:  2    Str:  7    XL:     4   Next: 42%
Magic:  13/13      EV: 13    Int: 20    God:
Gold:   101        SH:  0    Dex: 14    Spells: 10/13 levels left

rFire    . . .     SeeInvis .   j - +4 spear
rCold    . . .     Faith    .   (no shield)
rNeg     . . .     Spirit   .   b - +0 robe
rPois    .         Reflect  .   c - +0 hat
rElec    .         Harm     .   (no cloak)
rCorr    .         Rampage  .   (no gloves)
MR       .....                  (no boots)
Stlth    ++........             (no amulet)
HPRegen  0.08/turn              (no ring)
MPRegen  0.13/turn              (no ring)

@: no status effects
A: no striking features
a: no special abilities


You were on level 3 of the Dungeon.
You visited 1 branch of the dungeon, and saw 3 of its levels.

You collected 101 gold pieces.

Inventory:

Hand Weapons
 a - a +0 dagger
 j - a +4 spear (weapon)
Armour
 b - a +0 robe (worn)
 c - a +0 hat (worn)
Scrolls
 e - 2 scrolls of teleportation {unknown}
 g - a scroll of fog {unknown}
 h - 2 scrolls of remove curse {unknown}
 k - 2 scrolls of identify {unknown}
Potions
 d - a potion of heal wounds
 f - a potion of lignification {unknown}
 i - a potion of mutation {unknown}
 l - a potion of curing {unknown}
 m - a potion of stabbing {unknown}


   Skills:
 - Level 2.4 Dodging
 - Level 2.4 Stealth
 + Level 5.3 Spellcasting
 * Level 3.7 Conjurations
   Level 1.1 Summonings
 + Level 1.9 Translocations


You had 10 spell levels left.
You knew the following spells:

 Your Spells              Type           Power        Failure   Level
a - Magic Dart            Conj           ###.         2%          1
b - Blink                 Tloc           N/A          8%          2

Your spell library contained the following spells:

 Spells                   Type           Power        Failure   Level
 Call Imp                 Summ           #.......     11%         2
 Conjure Flame            Conj/Fire      ##......     16%         3
 Slow                     Hex            #.......     17%         2
 Mephitic Cloud           Conj/Pois/Air  ##......     21%         3


Dungeon Overview and Level Annotations

Branches:
Dungeon (3/15)

Altars:
Cheibriados
Ru

Annotations:
D:2 Terence


Message History

The helpless bat fails to defend itself.
You hit the bat.
You kill the bat!
No target in view!
No target in view!
No target in view!
An orc comes into view. It is wielding a +0 dagger.
An orc is nearby! 3 orcs and an orc priest come into view.
An orc is wielding a +0 hand axe and wearing a +0 scale mail of cold resistance.
The orc shouts! x3; The orc priest shouts!
The orc shouts!
The orc throws a boomerang.
The boomerang hits you.
The weapon returns to the orc!
An orc opens the door.
The orc priest mumbles some strange prayers to Beogh against you.
Beogh smites you!
Ouch! That really hurt!
The orc priest mumbles some strange prayers to Beogh against you.
Beogh smites you!
You die...

#.#....##..##.....##....#
#.#....##..#.......#.####
#.#....<#..#.......#.#
#.#######......_.)...#
#..........#.......#.#
##########.#.......#.#
...[.....##.....##.#
#########.####.####.#
#o.o..o@.....†......#
#o########..##.###### #.#
#.....# . #o# #######
....##o### .......o..#
#######o#.# .......o#
####....#


You could see an orc priest and 3 orcs.

Vanquished Creatures
  Jessica (D:2)
  2 adders (D:2)
  An ooze (D:3)
  A dart slug (D:2)
  3 leopard geckos
  An orc (D:2)
  3 giant cockroaches
  7 goblins
  4 hobgoblins
  A jackal (D:2)
  A ball python (D:2)
  5 bats
  6 frilled lizards
  6 kobolds
  2 rats (D:2)
44 creatures vanquished.

Notes
Turn   | Place    | Note
-------+----------+-------------------------------------------
     0 | D:1      | Drevant2 the Deep Elf Hedge Wizard began the quest for the
                  | Orb.
     0 | D:1      | Reached XP level 1. HP: 10/10 MP: 7/7
   358 | D:1      | Reached XP level 2. HP: 15/15 MP: 7/9
   740 | D:1      | Learned a level 2 spell: Blink
  1169 | D:2      | Reached XP level 3. HP: 16/19 MP: 0/11
  1265 | D:2      | Reached skill level 5 in Spellcasting
  1494 | D:2      | Noticed Terence
  1808 | D:2      | Noticed Jessica
  1818 | D:2      | Killed Jessica
  1818 | D:2      | Reached XP level 4. HP: 24/24 MP: 2/13
  2112 | D:2      | Found a snail-covered altar of Cheibriados.
  2555 | D:3      | Found a sacrificial altar of Ru.
  2675 | D:3      | Killed from afar by an orc priest

Illustrated notes

Levels and vault maps discovered:
D:1:      lightli_arrival_lavapool, layout_basic, minmay_pentomino_u4
D:2:      layout_basic, lemuel_crystal_altar, uniq_jessica, uniq_terence
D:3:      layout_basic, old_standard_altar, minmay_rat_hole

Skill      XL: |  1  2  3 |
---------------+----------+-----
Conjurations   | 2 3 |  3.7
Spellcasting   | 5 |  5.3
Dodging        | |  2.4
Stealth        | |  2.4
Summonings     | |  1.1
Translocations | |  1.9

Action                   |  1- 3 |  4- 6 || total
-------------------------+-------+-------++-------
Melee: Dagger            |     2 |     4 ||     6
       Spear             |       |     7 ||     7
 Cast: Magic Dart        |    97 |    13 ||   110
  Use: Potion            |       |     1 ||     1
 Stab: Sleeping          |       |     2 ||     2
Armor: Robe              |     3 |     1 ||     4
Dodge: Dodged            |     8 |     8 ||    16

Table legend: (Time is in decaauts)
 A = Elapsed time spent in this place.
 B = Non-inter-level travel time spent in this place.
 C = Inter-level travel time spent in this place.
 D = Time resting spent in this place.
 E = Time spent auto-exploring this place.
 F = Levels seen in this place.
 G = Mean time per level.
                   A        B        C        D        E       F      G
               +--------+--------+--------+--------+--------+-----+--------+
         Total |   2676 |   2492 |    184 |    790 |   1387 |   3 |  892.0 |
       Dungeon |   2676 |   2492 |    184 |    790 |   1387 |   3 |  892.0 |
               +--------+--------+--------+--------+--------+-----+--------+

Top non-repeatable levels by time:
     D:2: 1460 daAuts
     D:1: 1068 daAuts
     D:3: 147 daAuts
